Map: Abiogenèse EC

Players

Chardassaut - Winner!

  • Race: Terran Terran
  • Spawn Location: 11:00

ПалкаКапалка

  • Race: Protoss Protoss
  • League: Silver
  • Spawn Location: 5:00

VOD

Have the link to the VOD?

Description

Time

  • Played on: April 13, 2018, 3:22 p.m.
  • Length: 9:27
Show
View Real Time Build Order
Export as new Build Order

Chardassaut Terran - Winner!

Build Orders: MMM Bio 

Get SALT Encoding   

  12  0:02  SCV  
  13  0:14  SCV  
  14  0:21  Supply Depot  
  14  0:36  Refinery  
  14  0:44  Barracks  
  14  0:57  Supply Depot  
  14  0:58  SCV  
  15  1:10  SCV  
  16  1:22  SCV  
  17  1:36  Orbital Command  
  17  1:51  Barracks Reactor  
  17  1:55  Barracks  
  17  2:05  SCV  
  18  2:17  Factory, SCV  
  19  2:29  Marine, SCV  
  20  2:30  Marine  
  22  2:41  SCV  
  22  2:42  Barracks Tech Lab  
  23  2:47  Marine  
  23  2:48  Marine  
  25  2:51  Refinery  
  25  2:53  SCV  
  26  3:02  Factory Tech Lab  
  26  3:04  Stimpack  
  26  3:08  Marine x2  
  26  3:09  Command Center  
  26  3:10  Marine  
  29  3:16  SCV  
  30  3:26  Marine  
  31  3:31  Supply Depot  
  31  3:37  Supply Depot  
  31  3:42  Supply Depot  
  31  3:47  Engineering Bay  
  31  3:53  Marine, SCV  
  33  3:56  Siege Tank  
  36  4:12  Starport  
  36  4:13  Marauder  
  36  4:14  Marine  
  39  4:24  Terran Infantry Weapons Level 1  
  39  4:30  SCV  
  40  4:35  Orbital Command  
  40  4:42  Marine x3  
  43  4:49  Siege Tank  
  46  5:04  Marine x2  
  46  5:05  Marauder  
  50  5:10  Combat Shields  
  50  5:17  Missile Turret  
  50  5:19  SCV x2  
  52  5:25  Refinery  
  52  5:26  Marauder  
  54  5:29  Refinery, Marine  
  54  5:31  SCV  
  56  5:46  Starport Reactor  
  56  5:53  Marine x3  
  56  5:54  Factory  
  59  5:59  SCV x2  
  60  6:11  Marauder  
  56  6:22  Medivac x2  
  56  6:24  Siege Tank  
  63  6:25  Marine  
  63  6:26  Marine  
  63  6:30  SCV x2  
  67  6:42  SCV x2  
  69  6:52  Supply Depot  
  69  6:54  SCV  
  69  6:55  Supply Depot  
  69  6:58  Supply Depot  
  70  7:03  Supply Depot  
  70  7:08  Terran Infantry Armor Level 1  
  70  7:13  SCV x2, Medivac  
  74  7:15  Armory  
  74  7:18  Marine  
  74  7:19  Marine  
  76  7:25  SCV x2  
  78  7:38  SCV x2  
  78  7:39  Command Center  
  80  7:50  SCV x2  
  82  8:00  Factory Tech Lab  
  80  8:42  Marauder  
  73  8:53  Hellion  
  74  9:03  Marauder  
  74  9:05  Marine x2  
  74  9:09  SCV  
Show
View Real Time Build Order
Export as new Build Order

ПалкаКапалка Protoss 

Build Orders:  

Get SALT Encoding   

  12  0:02  Probe  
  13  0:14  Pylon  
  13  0:24  Probe  
  14  0:36  Probe, Gateway  
  15  0:47  Assimilator  
  15  0:48  Probe  
  16  1:00  Assimilator  
  16  1:01  Probe  
  17  1:13  Probe  
  18  1:25  Probe, Zealot  
  21  1:31  Pylon  
  21  1:37  Probe  
  22  1:49  Probe  
  22  1:52  Zealot  
  25  1:59  Cybernetics Core  
  25  2:01  Probe  
  26  2:13  Pylon  
  26  2:35  Nexus  
  26  2:39  Assimilator  
  26  2:45  Adept  
  28  3:07  Robotics Facility, Probe (Chrono Boost)  
  28  3:12  Zealot  
  31  3:19  Probe (Chrono Boost)  
  33  3:28  Probe (Chrono Boost)  
  33  3:33  Probe  
  33  3:39  Zealot  
  36  3:47  Pylon  
  36  3:55  Probe  
  37  3:59  Probe  
  38  4:07  Probe  
  39  4:10  Immortal  
  39  4:11  Probe  
  44  4:20  Forge  
  44  4:23  Probe  
  45  4:34  Zealot  
  45  4:37  Probe  
  48  4:40  Probe  
  49  4:46  Pylon  
  49  4:49  Immortal (Chrono Boost)  
  49  4:52  Probe x2  
  55  4:56  Protoss Ground Weapons Level 1  
  55  5:03  Stalker  
  55  5:04  Probe x2  
  59  5:25  Immortal (Chrono Boost)  
  63  5:33  Robotics Facility  
  41  6:23  Immortal (Chrono Boost)  
  41  6:24  Immortal (Chrono Boost)  
  49  6:48  Protoss Ground Armor Level 1 (Chrono Boost)  
  49  6:55  Immortal (Chrono Boost)  
  57  7:03  Immortal (Chrono Boost)  
  57  7:17  Pylon  
  57  7:19  Pylon  
  57  7:22  Zealot  
  59  7:25  Immortal (Chrono Boost)  
  59  7:28  Immortal (Chrono Boost)  
  67  7:49  Zealot  
  69  7:52  Immortal (Chrono Boost)  
  69  7:56  Immortal (Chrono Boost)  
  77  8:25  Immortal  
  81  8:33  Immortal  
Tags
 
Composition
MMM Bio
League
Silver
Matchup
PvT
Spawn Locations
Cross Positions
Add a new tag
Caveats
  • Supply blocks, unpowered buildings, or Contaminate may cause inaccurate times.
  • Supply counts are checked every 10 seconds.